Map: Acid Plant LE

Players

Nibbles - Winner!

  • Race: Terran Terran
  • Spawn Location: 11:00

IllIlIIllIlI

  • Race: Protoss Protoss
  • League: Gold
  • Spawn Location: 5:00

VOD

Have the link to the VOD?

Description

Reaper>stalkers in straight up fights.

Time

  • Played on: May 22, 2018, 7:59 a.m.
  • Length: 11:53
Show
View Real Time Build Order
Export as new Build Order

Nibbles Terran - Winner!

Build Orders: Reaper Expand, Reaper monobattle 

Get SALT Encoding   

  12  0:01  SCV  
  13  0:13  SCV  
  14  0:17  Supply Depot  
  14  0:25  SCV  
  15  0:39  SCV  
  15  0:40  Barracks  
  16  0:45  Refinery  
  16  0:51  SCV  
  17  1:03  SCV  
  18  1:15  SCV  
  19  1:28  Orbital Command  
  19  1:29  Reaper  
  20  1:41  Command Center  
  20  1:54  SCV  
  20  2:00  Supply Depot  
  21  2:06  Barracks Reactor  
  21  2:10  SCV  
  22  2:18  Engineering Bay  
  22  2:19  Refinery  
  22  2:22  SCV  
  23  2:34  SCV  
  23  2:35  Refinery  
  24  2:46  SCV  
  24  2:52  Reaper x2  
  24  2:55  Missile Turret  
  24  2:56  Terran Infantry Weapons Level 1  
  24  2:57  Orbital Command  
  26  2:59  SCV  
  26  3:00  Missile Turret  
  27  3:11  SCV  
  28  3:14  Missile Turret  
  28  3:23  SCV  
  28  3:26  SCV  
  30  3:28  Barracks  
  30  3:30  Reaper  
  30  3:33  Reaper  
  32  3:35  SCV  
  32  3:38  SCV  
  34  3:47  SCV  
  35  3:50  SCV  
  36  3:55  Factory  
  36  3:59  SCV  
  38  4:02  SCV  
  38  4:07  Supply Depot  
  38  4:09  Supply Depot  
  38  4:10  Reaper  
  38  4:11  Reaper, SCV  
  38  4:14  SCV  
  38  4:16  Barracks Reactor  
  42  4:21  Refinery  
  42  4:23  SCV  
  43  4:27  SCV  
  44  4:35  SCV  
  45  4:39  SCV  
  45  4:40  Armory  
  47  4:47  SCV  
  47  4:51  SCV  
  48  4:53  Terran Infantry Armor Level 1  
  48  4:54  Command Center  
  48  4:59  Engineering Bay  
  48  5:04  Reaper x2  
  48  5:06  Reaper x2  
  52  5:19  SCV  
  52  5:20  SCV  
  54  5:28  Command Center  
  54  5:30  Terran Infantry Weapons Level 2  
  54  5:33  SCV  
  54  5:35  SCV  
  56  5:39  Reaper x2  
  56  5:41  Reaper  
  56  5:42  Reaper  
  60  5:52  Supply Depot  
  60  5:55  Supply Depot  
  60  5:56  Supply Depot  
  60  6:10  Barracks x2  
  60  6:11  Reaper x2  
  62  6:14  Reaper x2  
  64  6:22  Sensor Tower  
  64  6:43  Reaper x2  
  64  6:46  Reaper x2  
  60  7:12  Barracks Reactor  
  60  7:13  Barracks Reactor  
  60  7:15  Reaper x2  
  59  7:17  Planetary Fortress  
  59  7:18  Reaper x2, SCV x2  
  63  7:29  Refinery  
  63  7:30  SCV x2, Terran Infantry Armor Level 2  
  63  7:33  Command Center, Missile Turret  
  63  7:34  Refinery  
  63  7:36  Missile Turret  
  65  7:38  Missile Turret  
  65  7:42  SCV  
  65  7:43  SCV  
  67  7:47  Reaper x2, Terran Infantry Weapons Level 3  
  67  7:50  Reaper x2  
  71  7:55  SCV x2  
  73  8:07  SCV x3  
  76  8:19  SCV x3  
  79  8:21  Reaper x5, Sensor Tower  
  79  8:23  Reaper x2  
  79  8:25  Barracks  
  79  8:26  Missile Turret  
  86  8:31  SCV x3  
  86  8:32  Barracks  
  86  8:34  Supply Depot  
  89  8:35  Supply Depot  
  89  8:37  Supply Depot  
  89  8:43  SCV x3  
  92  8:49  Reaper  
  92  8:53  Reaper x4  
  92  8:54  Planetary Fortress  
  92  8:55  SCV x3  
  100  9:05  Reaper x3  
  100  9:07  SCV x3  
  106  9:12  Refinery  
  106  9:16  Refinery  
  106  9:21  Reaper  
  107  9:27  Reaper x4  
  107  9:29  Barracks Reactor  
  107  9:31  Barracks Reactor  
  111  9:40  Reaper x3  
  114  9:53  Reaper  
  114  9:59  Reaper x4, Command Center  
  119  10:07  Reaper x2  
  119  10:08  Reaper  
  119  10:12  Reaper  
  123  10:19  Reaper x3  
  126  10:23  Missile Turret  
  126  10:24  Missile Turret x2  
  126  10:25  Reaper  
  126  10:27  Refinery  
  107  10:40  Reaper  
  107  10:41  Reaper x6  
  108  10:44  Reaper  
  108  10:47  Refinery  
  94  10:51  Reaper x3  
  97  10:57  Reaper  
  97  10:59  SCV x2  
  97  11:00  SCV  
  101  11:13  Reaper x7  
  101  11:16  Reaper  
  101  11:17  Command Center  
  113  11:33  Barracks  
  113  11:35  Barracks x3  
  113  11:36  Supply Depot  
  113  11:37  Supply Depot x2  
  113  11:39  Command Center  
  112  11:45  Command Center  
Show
View Real Time Build Order
Export as new Build Order

IllIlIIllIlI Protoss 

Build Orders:  

Get SALT Encoding   

  12  0:01  Probe  
  13  0:13  Probe  
  14  0:22  Pylon  
  14  0:26  Assimilator  
  15  0:28  Probe  
  15  0:41  Gateway  
  15  0:44  Probe  
  16  0:58  Probe  
  17  1:10  Probe  
  18  1:20  Gateway  
  18  1:29  Cybernetics Core  
  18  1:31  Zealot  
  20  1:40  Probe  
  20  1:44  Assimilator  
  21  1:51  Pylon  
  21  1:53  Probe  
  22  2:01  Stalker x2  
  22  2:03  Warp Gate  
  22  2:05  Probe  
  26  2:22  Probe  
  27  2:34  Probe  
  27  2:35  Twilight Council  
  28  3:00  Stalker  
  30  3:07  Pylon  
  30  3:25  Stalker  
  32  3:30  Stalker  
  32  3:32  Nexus  
  34  3:34  Probe  
  35  3:52  Probe  
  36  4:04  Probe  
  37  4:11  Pylon  
  37  4:22  Probe  
  38  4:34  Probe  
  39  4:40  Blink  
  39  4:41  Zealot x2  
  43  4:47  Probe  
  43  4:48  Gateway  
  43  4:49  Gateway  
  44  4:59  Probe  
  45  5:05  Gateway  
  45  5:09  Stalker  
  45  5:11  Probe, Pylon  
  48  5:16  Probe  
  49  5:28  Robotics Facility, Probe  
  50  5:34  Forge  
  50  5:40  Probe  
  51  5:56  Stalker  
  51  5:57  Stalker x3  
  55  6:02  Stalker  
  61  6:14  Probe  
  61  6:16  Probe  
  63  6:21  Assimilator  
  63  6:25  Assimilator  
  63  6:26  Probe  
  63  6:28  Probe  
  63  6:32  Warp Prism  
  67  6:39  Probe  
  68  6:40  Protoss Ground Weapons Level 1, Probe  
  49  7:11  Stalker x3  
  49  7:12  Stalker  
  51  7:16  Observer  
  52  7:28  Shield Battery  
  52  7:30  Shield Battery  
  52  7:44  Robotics Bay  
  52  7:45  Immortal  
  52  7:50  Charge  
  56  7:56  Zealot  
  56  7:58  Zealot  
  60  7:59  Zealot x2  
  54  8:18  Adept x3  
  54  8:19  Adept  
  62  8:27  Protoss Shields Level 1  
  62  8:32  Colossus  
  68  8:48  Adept  
  70  8:58  Nexus  
  70  8:59  Pylon  
  70  9:01  Pylon  
  70  9:03  Pylon  
  70  9:05  Pylon  
  70  9:07  Pylon  
  70  9:09  Pylon  
  69  9:20  Resonating Glaives  
  69  9:23  Adept x3  
  69  9:24  Adept  
  77  9:42  Colossus  
  83  9:50  Adept x3  
  83  9:51  Adept  
  91  9:55  Extended Thermal Lance  
  91  9:56  Adept  
  93  10:11  Adept  
  93  10:12  Adept x3  
  89  10:30  Adept  
  75  10:41  Adept x2  
  75  10:42  Adept x2  
  49  10:57  Warp Prism  
  51  11:12  Adept x2  
  51  11:13  Adept x3  
  61  11:28  Gateway  
  61  11:36  Nexus  
  61  11:38  Templar Archives  
  57  11:44  Adept x4  
  57  11:45  Adept  
Tags
 
Add a new tag
Caveats
  • Supply blocks, unpowered buildings, or Contaminate may cause inaccurate times.
  • Supply counts are checked every 10 seconds.